 Dungeon Crawl Stone Soup version 0.29-a0-789-g7a8fcbc185 (webtiles) character file.

Game seed: 7782852193173517176

13007 ReploidZero the Frost Mage (level 12, -8/136 HPs)
             Began as an Ogre Ice Elementalist on July 2, 2022.
             Was a Believer of Ashenzari.
             Mangled by a cane toad (16 damage)
             ... on level 1 of the Lair of Beasts on July 3, 2022.
             The game lasted 01:16:44 (17072 turns).

ReploidZero the Frost Mage (Ogre Ice Elementalist) Turns: 17072, Time: 01:16:44

Health: -8/136     AC: 11    Str: 15    XL:     12   Next: 1%
Magic:  9/29       EV:  9    Int: 26    God:    Ashenzari [**....]
Gold:   1122       SH:  0    Dex:  9    Spells: 10/37 levels left

rFire   . . .      SeeInvis +   t - +0 giant club of Ashenzari's Gnosis {Bglg, Fort} (curse)
rCold   . . .      Faith    .   (shield currently unavailable)
rNeg    . . .      Spirit   .   G - +0 acid dragon scales
rPois   .          Reflect  .   (helmet restricted)
rElec   .          Harm     .   (no cloak)
rCorr   +          Rampage  .   (gloves unavailable)
Will    +....                   (boots unavailable)
Stlth   +.........              (no amulet)
HPRegen 0.32/turn               e - ring of Ashenzari's Lethargy {AC+4, Self, Range} (curse)
MPRegen 0.21/turn               s - +6 ring of intelligence

@: about to teleport, studying Ice Magic
A: large, unfitting armour, tough skin 1
a: Renounce Religion, Curse Item, Shatter the Chains


You were on level 1 of the Lair of Beasts.
You worshipped Ashenzari.
Ashenzari was pleased with you.
You visited 3 branches of the dungeon, and saw 13 of its levels.
You also visited: Gauntlet.

You collected 1122 gold pieces.

Inventory:

Hand Weapons
 t - the cursed +0 giant club of Ashenzari's Gnosis (weapon) {Bglg, Fort}
   (You took it off an ogre on level 5 of the Dungeon)

   It has a curse which improves the following skills: Beguiling: Conjurations,
   Hexes and Translocations.
   Fortitude: Armour and Shields.
 A - a +0 giant spiked club
 I - the +6 morningstar of Defence by Offence {vorpal, *Noise rF+ Will++ Dex+2}
   (You took it off a minotaur in a Gauntlet)

   It inflicts extra damage upon your enemies.
   Dex:       It affects your dexterity (+2).
   rF:        It protects you from fire.
   *Noise:    It may make noises in combat.
   Will:      It greatly increases your willpower.
Missiles
 h - 50 poisoned darts
 o - 8 boomerangs
 q - 2 throwing nets
 C - 8 javelins
 L - 3 boomerangs of dispersal
Armour
 B - +0 steam dragon scales
 G - +0 acid dragon scales (worn)
 H - a +2 kite shield of fire resistance
 J - a +2 cloak of preservation
 K - the +1 robe of the Hairy Slorg {Contam Str+4 Int+2}
   (You found it in a Gauntlet)

   Str:       It affects your strength (+4).
   Int:       It affects your intelligence (+2).
   Contam:    It causes magical contamination when unequipped.
 M - the +1 hat "Xodgh" {Regen+}
   (You found it in a Gauntlet)

   Regen:     It increases your rate of health regeneration.
Jewellery
 a - a ring of wizardry
 e - the cursed ring of Ashenzari's Lethargy (left hand) {AC+4, Self, Range}
   (You found it on level 1 of the Dungeon)

   [ring of protection]

   AC:        It affects your AC (+4).
   It has a curse which improves the following skills: Introspection: Fighting
   and Spellcasting.
   Ranged Combat: Ranged Weapons and Throwing.
 j - a ring of resist corrosion
 s - a +6 ring of intelligence (right hand)
 w - a ring of ice
 y - a ring of protection from fire
Wands
 b - a wand of charming (32)
 n - a wand of mindburst (19)
 x - a wand of flame (19)
 D - a wand of acid (4)
 E - a wand of roots (4)
Scrolls
 c - a scroll of immolation
 g - 2 scrolls of amnesia
 l - a scroll of teleportation
 p - 3 scrolls of enchant armour
 v - 5 scrolls of identify
Potions
 d - a potion of resistance
 f - 4 potions of might
 i - 2 potions of attraction
 k - a potion of flight
 m - 2 potions of curing
 r - 5 potions of ambrosia
 u - a potion of cancellation
 F - a potion of brilliance


   Skills:
 + Level 11.9(13.0) Fighting
 - Level 2.0 Dodging
 - Level 1.4 Stealth
 + Level 11.8(13.0) Spellcasting
 + Level 6.3(7.6) Conjurations
 + Level 12.5 Ice Magic


You had 10 spell levels left.
You knew the following spells:

 Your Spells              Type           Power      Damage    Failure   Level
a - Freeze                Ice            100%       1d11      1%          1
b - Frozen Ramparts       Ice            100%       1d12      1%          3
c - Ozocubu's Armour      Ice            70%        N/A       1%          3
d - Hailstorm             Conj/Ice       62%        3d13      1%          4
e - Static Discharge      Conj/Air       36%        3-8/arc   1%          2
f - Poisonous Vapours     Pois/Air       32%        N/A       7%          2
g - Freezing Cloud        Conj/Ice/Air   25%        6-21      9%          5
h - Ozocubu's Refrigerat  Ice            35%        4d12      24%         7

Your spell library contained the following spells:

 Spells                   Type           Power      Damage    Failure   Level
 Shock                    Conj/Air       100%       1d9       1%          1
 Apportation              Tloc           34%        N/A       4%          1
 Gell's Gravitas          Tloc           17%        N/A       14%         3
 Lesser Beckoning         Tloc           17%        N/A       14%         3
 Portal Projectile        Hex/Tloc       34%        N/A       14%         3
 Swiftness                Air            16%        N/A       14%         3
 Lightning Bolt           Conj/Air       18%        1d32      28%         5
 Airstrike                Air            8%         0-4+      43%         4
 Corpse Rot               Necr/Pois/Air  16%        N/A       43%         4
 Olgreb's Toxic Radiance  Pois           16%        N/A       43%         4
 Simulacrum               Ice/Necr       24%        N/A       50%         6
 Ignition                 Fire           8%         3d5       100%        8
 Maxwell's Capacitive Co  Air            8%         ∞         100%        8
 Polar Vortex             Ice            35%        N/A       100%        9


Dungeon Overview and Level Annotations

Branches:
Dungeon (11/15)            Temple (1/1) D:7            Lair (1/6) D:10
    Orc (0/2) D:9         Gauntlet (visited)

Altars:
Ashenzari
Cheibriados
Dithmenos
Elyvilon
Fedhas
Gozag
Hepliaklqana
Kikubaaqudgha
Makhleb
Nemelex Xobeh
Okawaru
Qazlal
Ru
Sif Muna
Trog
Uskayaw
Vehumet
Wu Jian
Xom
Yredelemnul
Zin
The Shining One

Annotations:
Lair:1 1 transporter, exclusion: ice statue, Usemog's ghost, journeyman FoAK


Innate Abilities, Weirdness & Mutations

You are too large for most types of armour.
You have tough skin. (AC +1)


Message History

Your cane toad dies!
Your cane toad's corpse dissolves into shadows!
You have reached level 12!
You feel stronger.
Your blink frog hits the yak!
The yak dies!
The cane toad misses your blink frog.
Your blink frog hits the cane toad!
The cane toad stings your blink frog!
Your blink frog blinks!
Your cane toad stings the cane toad.
Your blink frog dissolves into shadows!
Your cane toad dissolves into shadows!
The cane toad stings your cane toad.
Your cane toad stings the cane toad.
You feel yourself speed up.
Your blink frog blinks!
A yak comes into view.
The yak bellows!
You hear an angry hiss.
You hear a loud, deep croak!
You hear an angry hiss. x2
A water moccasin comes into view.
Your cane toad barely misses the cane toad.
The yak moves out of view.
Your cane toad dissolves into shadows!
The cane toad closely misses you.
The yak snorts and paws the ground.
As you read the scroll of fear, it crumbles to dust.
You assume a fearsome visage.
The yak looks frightened!
The water moccasin looks frightened!
The cane toad resists with some effort.
Your blink frog barely misses the cane toad.
The cane toad stings you!
* * * LOW HITPOINT WARNING * * *
Unknown command.
Unknown command.
Okay, then.
You feel better.
Your blink frog hits the cane toad.
Your blink frog blinks!
The cane toad stings you!
* * * LOW HITPOINT WARNING * * *
Unknown command.
As you read the scroll of teleportation, it crumbles to dust.
You feel strangely unstable. The cane toad stings you!
You die...

##..#######.......##{###.
#..# #..P##..##{{.F..
#..# ##.....##8...≈..
#..# #.#†.##..#.###. #..#
#.F†##....##)## * ####
####...#.#...# )., * ,*
#..§..©#h#..#..,
#.F#...#Y#.$##. ,* **
**##@###..##...$
#...##P..##..# * , , ,
#..#####..##8. ≈ ,
*.........# #..# , ,
.≈##.Y#.## *#.. * ,
*#....#* #. * , , #..#..*
*, , #...S#* ** *, , *
≈.,#.# * ,,


You could see a yak (fleeing), a cane toad (ally target), a water moccasin
(fleeing) and a friendly blink frog (summoned).

Vanquished Creatures
  A minotaur (Gauntlet)
  A boulder beetle (D:11)
  4 two-headed ogres
  Sonja (Lair:1)
  Joseph (D:9)
  An unseen horror (D:10)
  A troll (D:9)
  A wraith (D:5)
  2 yaks (Lair:1)
  3 steam dragons
  A small abomination (Gauntlet)
  2 vampire mosquitoes (D:10)
  2 water moccasins
  3 acid dragons
  A hell hound (Gauntlet)
  7 orc warriors
  2 ice beasts
  A sky beast (D:8)
  An ogre (D:5)
  2 black bears
  2 centaurs (D:6)
  4 kobold brigands
  7 bullfrogs
  A necrophage (D:7)
  A gnoll sergeant (D:10)
  8 scorpions
  13 wights
  14 killer bees
  4 howler monkeys (D:9)
  2 electric eels (D:9)
  5 hounds
  9 orc priests
  2 jellies (D:6)
  Jessica (D:2)
  A bouda (D:8)
  5 iguanas
  Ijyb (D:4)
  8 orc wizards
  27 gnolls
  2 adders (D:6)
  3 shadow imps
  2 white imps (D:6)
  A worm (D:2)
  2 dart slugs
  41 orcs
  8 bats
  5 endoplasms
  2 giant cockroaches (D:1)
  8 goblins
  14 hobgoblins
  2 jackals (D:4)
  8 ball pythons
  A frilled lizard (D:2)
  48 kobolds
  6 rats
306 creatures vanquished.

Vanquished Creatures (collateral kills)
  A polar bear (Lair:1)
  3 yaks (Lair:1)
4 creatures vanquished.

Vanquished Creatures (others)
  A kobold (D:9)
  3 demonic plants (Gauntlet)
  A fungus (Lair:1)
5 creatures vanquished.

Grand Total: 315 creatures vanquished

Notes
Turn   | Place    | Note
-------+----------+-------------------------------------------
     0 | D:1      | ReploidZero the Ogre Ice Elementalist began the quest for
                  | the Orb.
     0 | D:1      | Reached XP level 1. HP: 16/16 MP: 3/3
   359 | D:1      | Reached XP level 2. HP: 24/24 MP: 2/5
   731 | D:1      | Reached skill level 4 in Ice Magic
   731 | D:1      | Reached XP level 3. HP: 15/31 MP: 0/7
   820 | D:1      | Learned a level 3 spell: Frozen Ramparts
   824 | D:1      | Learned a level 3 spell: Ozocubu's Armour
  1734 | D:2      | Noticed Jessica
  1753 | D:2      | Killed Jessica
  1754 | D:2      | Reached XP level 4. HP: 13/39 MP: 6/9
  2585 | D:3      | Found a faded altar of an unknown god.
  2783 | D:3      | Reached XP level 5. HP: 43/45 MP: 5/11
  2958 | D:3      | Found a bloodstained altar of Trog.
  3170 | D:3      | Noticed a kobold brigand
  3190 | D:3      | Killed a kobold brigand
  3191 | D:3      | Reached skill level 5 in Ice Magic
  3364 | D:3      | Reached skill level 5 in Spellcasting
  3364 | D:3      | Reached XP level 6. HP: 53/53 MP: 4/13
  3771 | D:3      | Reached XP level 7. HP: 59/59 MP: 10/15
  4131 | D:3      | Reached skill level 6 in Ice Magic
  4634 | D:4      | Noticed Ijyb
  4637 | D:4      | Reached skill level 1 in Fighting
  4646 | D:4      | Killed Ijyb
  4844 | D:4      | Found a glowing golden altar of the Shining One.
  4844 | D:4      | Found a hide-covered altar of Uskayaw.
  5202 | D:5      | Entered Level 5 of the Dungeon
  5248 | D:5      | Noticed a wraith
  5256 | D:5      | Killed a wraith
  5257 | D:5      | Reached XP level 8. HP: 36/75 MP: 5/18
  5434 | D:5      | Learned a level 4 spell: Hailstorm
  5823 | D:5      | Found an ornate altar of the Wu Jian Council.
  6125 | D:5      | Found a glowing silver altar of Zin.
  6125 | D:5      | Noticed an angel
  6138 | D:5      | Found an ancient bone altar of Kikubaaqudgha.
  6226 | D:6      | Reached skill level 7 in Ice Magic
  6330 | D:6      | Reached skill level 5 in Fighting
  6499 | D:6      | Found an opulent altar of Gozag.
  6802 | D:6      | Found a radiant altar of Vehumet.
  7405 | D:6      | Reached XP level 9. HP: 81/89 MP: 18/21
  7709 | D:6      | Reached skill level 8 in Ice Magic
  8140 | D:7      | Found a staircase to the Ecumenical Temple.
  8441 | Temple   | Entered the Ecumenical Temple
  8530 | Temple   | Became a worshipper of Ashenzari the Shackled
  8560 | D:7      | Found an iron altar of Okawaru.
  8845 | D:7      | Found a hazy altar of Hepliaklqana.
  9077 | D:7      | Reached skill level 1 in Conjurations
  9158 | D:7      | Reached skill level 9 in Ice Magic
  9593 | D:7      | Reached XP level 10. HP: 79/103 MP: 20/23
  9596 | D:7      | Learned a level 2 spell: Static Discharge
 10602 | D:8      | Reached * piety under Ashenzari
 10732 | D:8      | Reached skill level 10 in Spellcasting
 10890 | D:8      | Reached skill level 10 in Ice Magic
 11138 | D:8      | Noticed a two-headed ogre
 11143 | D:8      | Killed a two-headed ogre
 11836 | D:9      | Reached ** piety under Ashenzari
 12259 | D:9      | Noticed Joseph
 12354 | D:9      | Reached skill level 10 in Fighting
 12495 | D:9      | Killed Joseph
 12496 | D:9      | Reached XP level 11. HP: 84/120 MP: 8/26
 12690 | D:9      | Found a white marble altar of Elyvilon.
 12812 | D:9      | Reached skill level 11 in Ice Magic
 13044 | D:9      | Found a staircase to the Orcish Mines.
 13762 | D:10     | Entered Level 10 of the Dungeon
 13883 | D:10     | Noticed a two-headed ogre
 13892 | D:10     | Killed a two-headed ogre
 13893 | D:10     | Reached skill level 5 in Conjurations
 14197 | D:10     | Found a sacrificial altar of Ru.
 14338 | D:10     | Found a staircase to the Lair.
 14461 | D:10     | Noticed a two-headed ogre
 14468 | D:10     | Killed a two-headed ogre
 14753 | D:10     | Found a transporter.
 14755 | D:10     | Found a transporter.
 14759 | D:10     | Found a transporter.
 14805 | D:10     | Found a transporter.
 14936 | D:10     | Noticed a two-headed ogre
 14953 | D:10     | Killed a two-headed ogre
 15496 | D:11     | Found a gate leading to a gauntlet.
 15505 | Gauntlet | Entered a Gauntlet
 15505 | Gauntlet | Noticed a worldbinder
 15505 | Gauntlet | Found a transporter.
 15505 | Gauntlet | Found a transporter.
 15505 | Gauntlet | Found a transporter.
 15511 | Gauntlet | Noticed a thrashing horror
 15517 | Gauntlet | Found a transporter.
 15526 | Gauntlet | Noticed a fire crab
 15533 | Gauntlet | Found a transporter.
 15535 | Gauntlet | Noticed a death scarab
 15539 | Gauntlet | Found a transporter.
 15554 | Gauntlet | Found a transporter.
 15554 | Gauntlet | Identified the +1 pair of gloves of the Vaults {Contam
                  | rElec rC+}
 15554 | Gauntlet | Identified the ring of the Traitor {Will+ MP+9 Dex+3
                  | Stlth+}
 15576 | Gauntlet | Found a transporter.
 15602 | Gauntlet | Found a transporter.
 15620 | Gauntlet | Found a transporter.
 15645 | Gauntlet | Noticed a thrashing horror
 15661 | Gauntlet | Found a transporter.
 15671 | Gauntlet | Found a transporter.
 16005 | Gauntlet | Learned a level 2 spell: Poisonous Vapours
 16292 | Gauntlet | Identified the +4 quarterstaff of Freehold {elec, rElec}
 16292 | Gauntlet | Identified the +1 robe of the Hairy Slorg {Contam Str+4
                  | Int+2}
 16292 | Gauntlet | Identified the Compendium of the Voyage
 16292 | Gauntlet | Identified the +1 hat "Xodgh" {Regen+}
 16292 | Gauntlet | Identified the +6 morningstar of Defence by Offence
                  | {vorpal, *Noise rF+ Will++ Dex+2}
 16292 | Gauntlet | Noticed a minotaur
 16311 | Gauntlet | Killed a minotaur
 16312 | Gauntlet | Reached skill level 12 in Ice Magic
 16575 | D:10     | Learned a level 5 spell: Freezing Cloud
 16583 | D:10     | Learned a level 7 spell: Ozocubu's Refrigeration
 16722 | D:11     | Noticed a boulder beetle
 16730 | D:11     | Killed a boulder beetle
 16992 | Lair:1   | Entered Level 1 of the Lair of Beasts
 17021 | Lair:1   | Found a transporter.
 17026 | Lair:1   | Noticed an eight-headed hydra
 17026 | Lair:1   | Noticed Usemog's ghost (journeyman FoAK)
 17032 | Lair:1   | Noticed Sonja
 17034 | Lair:1   | Noticed a catoblepas
 17036 | Lair:1   | Killed Sonja
 17063 | Lair:1   | Reached XP level 12. HP: 24/136 MP: 6/29
 17072 | Lair:1   | Mangled by a cane toad

Illustrated notes

Levels and vault maps discovered:
D:1:      dpeg_arrival_erosion, layout_loops_corners, kennysheep_boxes
D:2:      layout_loops_ring, minivault_23, serial_park_tiny_1, minmay_between,
          uniq_jessica
D:3:      minmay_goblin_kobold_castle, layout_rooms,
          nicolae_overflow_crystal_walls, ebering_ecumenical_altar_abandoned
D:4:      layout_rooms, nicolae_overflow_two_pavilions, patterned_corridor,
          uniq_ijyb
D:5:      layout_loops_cross, mainiacjoe_overflow_alcove_1,
          kennysheep_mini_moat, zin_angel
D:6:      minmay_polygon_palace, layout_basic,
          mainiacjoe_overflow_small_starburst, nicolae_vehumet_altar_sigil,
          nicolae_ossuary_entry_plus, minmay_manual_mares
D:7:      layout_basic, mainiacjoe_overflow_surrounded_room,
          worldfamousw_hep_ancestral_shrine, minmay_temple_entry_large_hall
D:8:      cheibrodos_quashed, layout_rooms
D:9:      layout_loops_ring, marbit_many_paths, erik_orc_2, uniq_joseph
D:10:     layout_irregular_city, hangedman_ru_absence, lair_entry_dummy,
          grunt_decor_one_mirror, nicolae_transporter_circle
D:11:     minmay_mutant_horseshoe, layout_loops_corners, gauntlet_entry_generic,
          uniq_erica
Temple:   hellmonk_temple_rainy
Lair:1:   layout_gridlike, nzn_ghost_randoct, hangedman_lair_generics_rect,
          uniq_sonja

Skill      XL: |  1  2  3  4  5  6  7  8  9 10 11 |
---------------+----------------------------------+-----
Dodging        | 2 |  2.0
Spellcasting   | 3 4 5 6 8 9 10 11 | 11.8
Ice Magic      | 4 5 6 7 9 10 12 | 12.5
Fighting       | 3 6 8 10 11 | 11.9
Conjurations   | 2 4 6 |  6.3
Stealth        | |  1.4

Action                   |  1- 3 |  4- 6 |  7- 9 | 10-12 || total
-------------------------+-------+-------+-------+-------++-------
Melee: Unarmed           |    12 |       |       |       ||    12
       Dagger            |    28 |    41 |    41 |       ||   110
       Giant club        |       |       |   153 |   109 ||   262
Throw: Boomerang         |       |       |     7 |    48 ||    55
 Cast: Freeze            |    32 |    36 |    63 |     3 ||   134
       Frozen Ramparts   |     4 |    11 |    36 |    40 ||    91
       Ozocubu's Armour  |       |     3 |     2 |     5 ||    10
       Hailstorm         |       |       |     5 |    25 ||    30
       Static Discharge  |       |       |       |    50 ||    50
       Poisonous Vapours |       |       |       |    10 ||    10
       Freezing Cloud    |       |       |       |     2 ||     2
       Ozocubu's Refrige |       |       |       |     2 ||     2
Invok: Curse Item        |       |       |       |     2 ||     2
Evoke: Wand              |       |       |     2 |     4 ||     6
  Use: Scroll            |     3 |     4 |    11 |     7 ||    25
       Potion            |     1 |       |       |     7 ||     8
 Stab: Sleeping          |       |       |     1 |     1 ||     2
Armor: Robe              |    50 |    31 |   138 |       ||   219
       Steam dragon scal |       |       |     2 |    42 ||    44
       Acid dragon scale |       |       |       |    65 ||    65
Dodge: Dodged            |    45 |    37 |   186 |   166 ||   434

Table legend: (Time is in decaauts)
 A = Elapsed time spent in this place.
 B = Non-inter-level travel time spent in this place.
 C = Inter-level travel time spent in this place.
 D = Time resting spent in this place.
 E = Time spent auto-exploring this place.
 F = Levels seen in this place.
 G = Mean time per level.
                   A        B        C        D        E       F      G
               +--------+--------+--------+--------+--------+-----+--------+
         Total |  17268 |  16722 |    546 |    178 |  13748 |  14 | 1233.4 |
       Dungeon |  16231 |  15694 |    537 |    178 |  13231 |  11 | 1475.5 |
        Temple |     99 |     90 |      9 |      0 |     74 |   1 |   99.0 |
          Lair |     96 |     96 |      0 |      0 |     34 |   1 |   96.0 |
      Gauntlet |    840 |    840 |      0 |      0 |    409 |   1 |  840.0 |
               +--------+--------+--------+--------+--------+-----+--------+

Top non-repeatable levels by time:
     D:9: 2431 daAuts
     D:7: 2135 daAuts
     D:6: 1973 daAuts
    D:10: 1909 daAuts
     D:3: 1894 daAuts
     D:1: 1417 daAuts
     D:8: 1171 daAuts
     D:2: 1158 daAuts
     D:5: 979 daAuts
Gauntlet: 840 daAuts
     D:4: 737 daAuts
    D:11: 422 daAuts
  Temple: 99 daAuts
  Lair:1: 96 daAuts
